 Dungeon Crawl Stone Soup version 0.28-a0-750-g7c675f85b1 (webtiles) character file.

Game seed: 15416411554116910853

52 KoroneIsBestGirl the Firebug (level 3, -8/31 HPs)
             Began as an Ogre Fire Elementalist on Oct 29, 2021.
             Killed by divine providence
             ... invoked by an orc priest
              (17 damage)
             ... on level 3 of the Dungeon.
             The game lasted 00:01:52 (1513 turns).

KoroneIsBestGirl the Firebug (OgFE)                 Turns: 1513, Time: 00:01:53

Health: -8/31      AC:  3    Str: 12    XL:     3   Next: 85%
Magic:  6/7        EV: 10    Int: 17    God:
Gold:   53         SH:  0    Dex:  9    Spells: 5/8 levels left

rFire   . . .      SeeInvis .   e - +0 dagger
rCold   . . .      Faith    .   (no shield)
rNeg    . . .      Spirit   .   a - +0 robe
rPois   .          Reflect  .   (helmet restricted)
rElec   .          Harm     .   (no cloak)
rCorr   .          Rampage  .   (gloves unavailable)
Will    .....                   (boots unavailable)
Stlth   +.........              b - amulet of magic regeneration
HPRegen 0.10/turn               (no ring)
MPRegen 0.35/turn               (no ring)

@: no status effects
A: large, unfitting armour, tough skin 1
a: no special abilities


You were on level 3 of the Dungeon.
You visited 1 branch of the dungeon, and saw 4 of its levels.

You collected 53 gold pieces.

Inventory:

Hand Weapons
 e - a +0 dagger (weapon)
Armour
 a - a +0 robe (worn)
Jewellery
 b - an amulet of magic regeneration (around neck)
Scrolls
 c - a scroll of teleportation {unknown}
 f - a scroll of identify {unknown}
Potions
 d - a potion of curing {unknown}


   Skills:
 + Level 2.1 Dodging
 - Level 1.4 Stealth
 + Level 3.1 Spellcasting
 + Level 1.3 Conjurations
 + Level 3.4 Fire Magic


You had 5 spell levels left.
You knew the following spells:

 Your Spells              Type           Power      Damage    Failure   Level
a - Foxfire               Conj/Fire      40%        2x1d6     6%          1
b - Scorch                Fire           28%        2d6       6%          2

Your spell library contained the following spells:

 Spells                   Type           Power      Damage    Failure   Level
 Conjure Flame            Conj/Fire      10%        6-21      19%         3
 Inner Flame              Hex/Fire       8%         N/A       26%         3
 Flame Wave               Conj/Fire      10%        3d4       54%         4


Dungeon Overview and Level Annotations

Branches:
Dungeon (4/15)
 Temple: D:4-7

Altars:


Innate Abilities, Weirdness & Mutations

You are too large for most types of armour.
You have tough skin. (AC +1)


Message History

The foxfire hits the orc.
You kill the orc!
You are too injured to fight recklessly!
Casting: Foxfire (safe; 6% risk of failure)
Confirm with . or Enter, or press ? or * to list all spells.
You conjure some foxfire!
The orc priest hits you with a +0 whip.
* * * LOW HITPOINT WARNING * * *
Unknown command.
You hit the orc priest but do no damage.
The orc priest is lightly wounded.
The foxfire hits the orc priest but does no damage.
The orc priest is lightly wounded.
The foxfire hits the orc priest.
The orc priest is moderately wounded.
The orc priest hits you but does no damage.
Casting: Foxfire (safe; 6% risk of failure)
Confirm with . or Enter, or press ? or * to list all spells.
You conjure some foxfire!
The foxfire hits the orc priest but does no damage.
The orc priest is moderately wounded.
You completely miss the orc priest.
The orc priest is moderately wounded.
The foxfire hits the orc priest.
The orc priest is heavily wounded.
The orc barely misses you.
Your magical contamination has completely faded away.
The orc priest hits you with a +0 whip.
* * * LOW HITPOINT WARNING * * *
You barely miss the orc priest.
The orc priest is heavily wounded.
The orc priest barely misses you.
You hit the orc priest but do no damage.
The orc priest is heavily wounded.
The orc priest hits you but does no damage.
You hit the orc priest but do no damage.
The orc priest is heavily wounded.
The orc priest mumbles some strange prayers to Beogh against you.
Beogh smites you!
Ouch! That really hurt!
You die...

####### #.....# ######
# #.....# #....# #
#.###.# #.##.#. #
#.#⌠#.# #.##.#.# #
#.###.#########.##.#.#
#
#...)oo@........##.#.#
#
###.##############.#.#
# #.# #.#.### #.#
#....## #.oo...#
#...... #..#.#.#
##...## .... # ##.##
##.## #.# .. #.#


You could see an orc priest and an orc.

Vanquished Creatures
  An adder (D:2)
  A dart slug (D:1)
  2 orcs (D:3)
  4 bats (D:1)
  5 endoplasms
  2 giant cockroaches
  2 hobgoblins
  4 jackals (D:1)
  3 quokkas (D:1)
  4 ball pythons (D:1)
  3 frilled lizards
  4 kobolds (D:1)
  A rat (D:1)
36 creatures vanquished.

Vanquished Creatures (others)
  152 foxfires
152 creatures vanquished.

Grand Total: 188 creatures vanquished

Notes
Turn   | Place    | Note
-------+----------+-------------------------------------------
     0 | D:1      | KoroneIsBestGirl the Ogre Fire Elementalist began the quest
                  | for the Orb.
     0 | D:1      | Reached XP level 1. HP: 16/16 MP: 3/3
   221 | D:1      | Reached XP level 2. HP: 24/24 MP: 0/5
   806 | D:1      | Reached skill level 1 in Conjurations
   828 | D:1      | Learned a level 2 spell: Scorch
   839 | D:1      | Reached XP level 3. HP: 29/31 MP: 2/7
  1336 | D:2      | You fall into a shaft and drop 2 floors!
  1513 | D:3      | Killed from afar by an orc priest

Illustrated notes

Levels and vault maps discovered:
D:1:      scummos_arrival_checkerplants, layout_basic, serial_bayou_crossing
D:2:      layout_basic, minmay_misc_feat_secret_circle, kennysheep_minor_cross
D:3:      layout_loops_ring, shapermc_ecumenical_altar_notcrosses,
          feat_on_display
D:4:      minmay_diamond_boxcup, layout_loops_ring,
          minmay_temple_entry_drinking_statues, uniq_grinder,
          uniq_crazy_yiuf_cottage, uniq_robin

Skill      XL: |  1  2  3 |
---------------+----------+-----
Fire Magic     | 3 |  3.4
Conjurations   | 1 |  1.3
Spellcasting   | 3 |  3.1
Dodging        | 2 |  2.1
Stealth        | |  1.4

Action                   || total
-------------------------++-------
Melee: Unarmed           ||     9
       Dagger            ||    16
 Cast: Foxfire           ||    92
Armor: Robe              ||    21
Dodge: Dodged            ||    13

Table legend: (Time is in decaauts)
 A = Elapsed time spent in this place.
 B = Non-inter-level travel time spent in this place.
 C = Inter-level travel time spent in this place.
 D = Time resting spent in this place.
 E = Time spent auto-exploring this place.
 F = Levels seen in this place.
 G = Mean time per level.
                   A        B        C        D        E       F      G
               +--------+--------+--------+--------+--------+-----+--------+
         Total |   1513 |   1479 |     34 |      0 |   1266 |   4 |  378.2 |
       Dungeon |   1513 |   1479 |     34 |      0 |   1266 |   4 |  378.2 |
               +--------+--------+--------+--------+--------+-----+--------+

Top non-repeatable levels by time:
     D:1: 1192 daAuts
     D:3: 169 daAuts
     D:2: 144 daAuts
     D:4: 6 daAuts
